 Dungeon Crawl Stone Soup version 0.24-a0-203-gf0bc1e9 (webtiles) character file.

Game seed: 14542523435862349378

2863 Ijustatesigmund the Cleaver (level 9, -2/61 HPs)
             Began as an Octopode Fighter on Mar 27, 2019.
             Was an Initiate of Cheibriados.
             Slain by a gnoll sergeant
             ... wielding a +6 spear of distortion
              (15 damage)
             ... on level 9 of the Dungeon.
             The game lasted 00:15:42 (6463 turns).

Ijustatesigmund the Cleaver (Octopode Fighter)      Turns: 6463, Time: 00:15:44

Health: -2/61      AC:  1    Str: 16    XL:     9   Next: 75%
Magic:  0/12       EV: 15    Int: 11    God:    Cheibriados [......]
Gold:   221        SH: 11    Dex: 21    Spells: 8/8 levels left

rFire    . . .     SeeInvis .   a - +4 war axe
rCold    . . .     Gourm    .   b - +1 shield
rNeg     + . .     Faith    .   (helmet restricted)
rPois    +         Spirit   +   h - amulet of guardian spirit
rElec    .         Reflect  .   j - ring of positive energy
rCorr    .         Harm     .   l - ring of poison resistance
MR       .....                  o - ring of flight
Stlth    +++.......             s - +5 ring of dexterity
HPRegen  0.20/turn              (no ring)
MPRegen  0.13/turn              (no ring)
                                (no ring)
                                (no ring)

@: lightly drained, very slow
A: almost no armour, stealthy swim, amphibious, 8 rings, constrict 8, camouflage
1, gelatinous body 1
a: Bend Time, Renounce Religion, Evoke Flight


You were on level 9 of the Dungeon.
You worshipped Cheibriados.
Cheibriados was noncommittal.
You were not hungry.

You visited 2 branches of the dungeon, and saw 10 of its levels.
You also visited: Sewer.

You collected 424 gold pieces.
You spent 203 gold pieces at shops.

Inventory:

Hand Weapons
 a - a +4 war axe (weapon)
 p - a +1 flail of protection
 r - a +2 flail of crushing
 E - a +2 hand axe of freezing
Missiles
 u - a throwing net (quivered)
Armour
 b - a +1 shield (worn)
Jewellery
 h - an amulet of guardian spirit (around mantle)
 j - a ring of positive energy (left tentacle)
 l - a ring of poison resistance (right tentacle)
 o - a ring of flight (on tentacle)
 s - a +5 ring of dexterity (on tentacle)
 w - an uncursed ring of ice
Wands
 c - a wand of acid (7)
 t - a wand of paralysis (8)
 v - a wand of disintegration (3)
 B - a wand of enslavement (5)
Scrolls
 e - a scroll of immolation
 f - 6 scrolls of remove curse
 k - 2 scrolls of teleportation
 m - a scroll of fear
 q - 2 scrolls of amnesia
 y - 3 scrolls of magic mapping
 C - a scroll of identify
Potions
 g - 5 potions of flight
 i - a potion of curing
 n - 2 potions of lignification
 x - a potion of brilliance
 z - 2 potions of agility
 A - a potion of cancellation
 F - a potion of ambrosia
Comestibles
 d - 14 rations


   Skills:
 + Level 5.3(5.2) Fighting
 + Level 8.8 Axes
 + Level 5.3(5.2) Dodging
 + Level 5.4(5.3) Shields
 + Level 5.2(5.1) Invocations
 - Level 4.0 Evocations


You had 8 spell levels left.
You didn't know any spells.
Your spell library was empty.

Dungeon Overview and Level Annotations

Branches:
Dungeon (9/15)             Temple (1/1) D:7
   Lair: D:8-11         Orc: D:9-12

Altars:
Cheibriados
Dithmenos
Fedhas
Gozag
Hepliaklqana
Kikubaaqudgha
Makhleb
Okawaru
Qazlal
Sif Muna
Uskayaw
Vehumet
Wu Jian
Xom
Yredelemnul
Zin
The Shining One

Shops:
D:6 *   D:8 [


Innate Abilities, Weirdness & Mutations

You cannot wear most types of armour.
You are very stealthy in the water. (Stealth+)
You are amphibious.
You can wear up to eight rings at the same time.
You can use your tentacles to constrict eight enemies at once.
Your skin changes colour to match your surroundings (Stealth+).
Your rubbery body absorbs attacks. (AC +1, EV +1)


Message History

Space bends around you. You block the gnoll's attack.
The gnoll sergeant barely misses you.
You hit the gnoll sergeant but do no damage.
The gnoll sergeant is lightly wounded.
You slash the gnoll!
You kill the gnoll!
Cheibriados appreciates the change of pace.
You constrict the gnoll sergeant. You block the gnoll sergeant's attack.
You hit the gnoll sergeant but do no damage.
You squeeze the gnoll sergeant, but do no damage.
The gnoll sergeant is lightly wounded.
You constrict the gnoll sergeant.
The gnoll sergeant hits you with a +6 spear of distortion.
You hit the gnoll sergeant.
The gnoll sergeant is moderately wounded.
You constrict the gnoll sergeant.
The gnoll sergeant hits you with a +6 spear of distortion!
* * * LOW HITPOINT WARNING * * *
Space warps horribly around you!!
You die...

######...######
...............
...............
#<.# #..# #..#
#..# #.)# #@)#
#g)......
.........
##...#####
#...# #...#
..... ......


You could see a gnoll sergeant.

Vanquished Creatures
  A two-headed ogre (D:8)
  The ghost of Cure the Thaumaturge, a novice DEIE of Vehumet (D:7)
  2 hippogriffs (D:8)
  3 orc warriors
  3 big kobolds (Sewer)
  A bullfrog (D:7)
  A scorpion (D:4)
  A wight (D:8)
  A howler monkey (D:8)
  2 crimson imps (D:5)
  An orc priest (D:4)
  A bullfrog skeleton (D:6)
  A hound (D:5)
  Jessica (D:2)
  2 orc wizards
  5 worker ants
  Terence (D:3)
  3 iguanas
  A killer bee zombie (D:6)
  Robin (D:3)
  A worker ant zombie (D:5)
  3 gnolls (D:9)
  7 river rats (Sewer)
  9 adders
  A shadow imp (D:7)
  An adder zombie (D:5)
  An ooze (Sewer)
  A worm (D:3)
  2 dart slugs (D:1)
  3 leopard geckos
  21 orcs
  9 ball pythons
  3 giant cockroaches
  21 goblins
  6 hobgoblins
  10 jackals
  6 quokkas
  6 bats
  7 frilled lizards
  2 jackal skeletons
  22 kobolds
  A quokka skeleton (D:4)
  24 rats
200 creatures vanquished.

Notes
Turn   | Place    | Note
-------+----------+-------------------------------------------
     0 | D:1      | Ijustatesigmund the Octopode Fighter began the quest for
                  | the Orb.
     0 | D:1      | Reached XP level 1. HP: 16/16 MP: 1/1
   134 | D:1      | Reached XP level 2. HP: 21/21 MP: 2/2
   203 | D:1      | Reached skill level 3 in Axes
   542 | D:1      | Reached XP level 3. HP: 26/26 MP: 3/3
  1015 | D:2      | Reached skill level 4 in Axes
  1273 | D:2      | Reached XP level 4. HP: 28/31 MP: 4/4
  1469 | D:2      | Found a shadowy altar of Dithmenos.
  1499 | D:2      | Noticed Jessica
  1509 | D:2      | Killed Jessica
  1725 | D:3      | Noticed Robin
  1738 | D:3      | Killed Robin
  1738 | D:3      | Reached XP level 5. HP: 15/36 MP: 5/5
  1965 | D:3      | Noticed Terence
  1972 | D:3      | Killed Terence
  2301 | D:3      | Found a shimmering altar of Xom.
  2530 | D:4      | Reached XP level 6. HP: 42/43 MP: 6/6
  3038 | D:5      | Entered Level 5 of the Dungeon
  3269 | D:5      | Reached skill level 5 in Axes
  3463 | D:5      | Reached XP level 7. HP: 45/48 MP: 7/7
  3765 | D:6      | Found an opulent altar of Gozag.
  3792 | D:6      | Found a glowing drain.
  3819 | Sewer    | Entered a sewer
  3895 | Sewer    | Reached skill level 6 in Axes
  4089 | Sewer    | Reached XP level 8. HP: 50/54 MP: 8/8
  4315 | D:6      | Found a radiant altar of Vehumet.
  4346 | D:6      | Reached skill level 7 in Axes
  4616 | D:6      | Reached skill level 8 in Axes
  4780 | D:6      | Found Qaes's Assorted Antiques.
  4788 | D:6      | Bought a runed morningstar for 203 gold pieces
  4800 | D:6      | Found a stormy altar of Qazlal.
  4856 | D:6      | Found a hide-covered altar of Uskayaw.
  4858 | D:6      | Found a glowing silver altar of Zin.
  4860 | D:6      | Found a deep blue altar of Sif Muna.
  5175 | D:7      | Found a staircase to the Ecumenical Temple.
  5186 | Temple   | Entered the Ecumenical Temple
  5227 | Temple   | Became a worshipper of Cheibriados the Contemplative
  5255 | D:7      | Reached skill level 1 in Invocations
  5255 | D:7      | Reached skill level 1 in Evocations
  5283 | D:7      | Found a runed translucent gate.
  5510 | D:7      | Found a runed translucent gate.
  5510 | D:7      | Found a runed translucent gate.
  5510 | D:7      | Noticed Cure's ghost (novice DEIE)
  5532 | D:7      | Killed Cure's ghost
  5532 | D:7      | Reached XP level 9. HP: 30/59 MP: 1/12
  5874 | D:8      | Found a shadowy altar of Dithmenos.
  6175 | D:8      | Found the +15 Maxwell's patent armour {-Cast -Tele rElec
                  | MR+ rCorr}
  6207 | D:8      | Noticed a two-headed ogre
  6212 | D:8      | Killed a two-headed ogre
  6212 | D:8      | Reached skill level 5 in Fighting
  6212 | D:8      | Reached skill level 5 in Dodging
  6212 | D:8      | Reached skill level 5 in Shields
  6212 | D:8      | Reached skill level 5 in Invocations
  6362 | D:8      | Found Pyisogil's Armour Shoppe.
  6463 | D:9      | Slain by a gnoll sergeant

Levels and vault maps discovered:
D:1:      elethiomel_arrival_quiet, layout_basic, minmay_tiny_reverse_x
D:2:      layout_basic, grunt_dithmenos_smoke, grunt_ministairs_7, hex_tiny,
          uniq_jessica
D:3:      layout_basic, lemuel_round_altar, first_ration, uniq_robin,
          uniq_terence
D:4:      layout_rooms
D:5:      layout_loops_ring
D:6:      layout_gridville, old_standard_altar, grunt_temple_overflow_open,
          lemuel_round_altar, serial_shops, shop, portal_sewer_entry_d,
          grunt_qazlal_sundering
D:7:      layout_loops_ring, minmay_temple_entry_overgrown,
          ebering_ghost_rock_garden
D:8:      layout_rooms, special_room [special_room_orc], serial_shops,
          shop_statue, basic_altar
D:9:      layout_long_grid, gammafunk_ghost_spectres, nicolae_elemental_shop,
          grunt_livestock, uniq_prince_ribbit1
Temple:   regret_index_temple_waves
Sewer:    sewer_minmay_treatment

Skill      XL: |  1  2  3  4  5  6  7  8  9 |
---------------+----------------------------+-----
Axes           | 3 4 5 6 8 |  8.8
Shields        | 4 5 |  5.4
Fighting       | 4 5 |  5.3
Dodging        | 4 5 |  5.3
Invocations    | 4 5 |  5.2
Evocations     | 4 |  4.0

Action                   |  1- 3 |  4- 6 |  7- 9 || total
-------------------------+-------+-------+-------++-------
Melee: War axe           |    66 |   103 |   170 ||   339
       Tentacles         |     8 |    21 |    42 ||    71
       Constrict         |    17 |    32 |    43 ||    92
Evoke: Wand              |       |       |     7 ||     7
  Use: Scroll            |     4 |     9 |     6 ||    19
       Potion            |       |     2 |    15 ||    17
 Stab: Sleeping          |    10 |    10 |     8 ||    28
  Eat: Chunk             |     1 |     7 |     7 ||    15
       Ration            |       |       |     1 ||     1
Armor: Skin              |     4 |     6 |     2 ||    12
Dodge: Dodged            |    33 |    51 |    82 ||   166
Block: Shield            |    26 |    45 |    89 ||   160

Table legend:
 A = Non-vault XP
 B = Vault XP
 C = Vault XP percentage of total XP
 D = Non-vault monster count
 E = Vault monster count
 F = Vault count percentage of total count
                 A         B        C        D         E       F
            +---------+---------+-------+---------+---------+-------
      Total |    3053 |    1037 |  25.4 |     131 |      69 |  34.5
            +---------+---------+-------+---------+---------+-------
        D:1 |      44 |       4 |   8.3 |      23 |       2 |   8.0
        D:2 |      26 |      52 |  66.7 |      18 |       3 |  14.3
        D:3 |      53 |      73 |  57.9 |      21 |      14 |  40.0
        D:4 |     204 |       0 |   0.0 |      12 |       0 |   0.0
        D:5 |     316 |       0 |   0.0 |      18 |       0 |   0.0
        D:6 |     473 |      13 |   2.7 |      15 |       1 |   6.2
        D:7 |     337 |     448 |  57.1 |      14 |       1 |   6.7
        D:8 |    1557 |       0 |   0.0 |       7 |       0 |   0.0
        D:9 |      43 |       0 |   0.0 |       3 |       0 |   0.0
      Sewer |       0 |     447 | 100.0 |       0 |      48 | 100.0
            +---------+---------+-------+---------+---------+-------
